 Dungeon Crawl Stone Soup version 0.27-a0-1529-g1e82c303ef (webtiles) character file.

Game seed: 7869098194082051888

165 bande the Covered (level 5, -1/33 HPs)
             Began as a Gargoyle Fighter on July 11, 2021.
             Was an Initiate of Okawaru.
             Slain by Duvessa (4 damage)
             ... on level 4 of the Dungeon.
             The game lasted 00:04:41 (3221 turns).

bande the Covered (Gargoyle Fighter)                Turns: 3221, Time: 00:04:41

Health: -1/33      AC: 14    Str: 20      XL:     5   Next: 46%
Magic:  5/5        EV:  5    Int:  6 (8)  God:    Okawaru [......]
Gold:   760        SH:  9    Dex: 10      Spells: 4/4 levels left

rFire    . . .     SeeInvis .   a - +1 war axe
rCold    . . .     Faith    .   c - +0 kite shield
rNeg     + . .     Spirit   .   j - +0 chain mail
rPois    ∞         Reflect  .   i - +0 helmet
rElec    +         Harm     .   (no cloak)
rCorr    .         Rampage  .   (no gloves)
Will     .....                  (no boots)
Stlth    ..........             (no amulet)
HPRegen  0.11/turn              (no ring)
MPRegen  0.09/turn              (no ring)

@: mighty
A: sickness immunity, AC +4, negative energy resistance 1, electricity
resistance, torment resistance 1, petrification resistance
a: Renounce Religion


You were on level 4 of the Dungeon.
You worshipped Okawaru.
Okawaru was noncommittal.
You visited 1 branch of the dungeon, and saw 4 of its levels.

You collected 760 gold pieces.

Inventory:

Hand Weapons
 a - a +1 war axe (weapon)
Armour
 c - a +0 kite shield (worn)
 i - a +0 helmet (worn)
 j - a +0 chain mail (worn)
Jewellery
 k - a ring of wizardry
Wands
 b - a wand of acid (8)
Scrolls
 e - a scroll of enchant weapon
Potions
 d - a potion of might


   Skills:
 + Level 3.7 Fighting
 + Level 3.2 Axes
 + Level 4.2 Armour
 - Level 0.6 Dodging
 + Level 4.0 Shields
 * Level 1.2 Invocations
 * Level 0.2 Evocations


You had 4 spell levels left.
You didn't know any spells.
Your spell library was empty.

Dungeon Overview and Level Annotations

Branches:
Dungeon (4/15)
 Temple: D:4-7

Altars:
Okawaru

Annotations:
D:4 Dowan, Duvessa


Innate Abilities, Weirdness & Mutations

You are immune to sickness and miasma.
Your stone body is resilient. (AC +4)
You are immune to poison.
You resist negative energy. (rN+)
You are resistant to electric shocks. (rElec)
You are resistant to unholy torment.
You are immune to petrification.


Message History

You slash Duvessa!
Duvessa is moderately wounded.
You barely miss the quokka. Duvessa barely misses you.
The quokka bites you but does no damage.
Duvessa hits you with a +0 rapier!
* * * LOW HITPOINT WARNING * * *
The quokka barely misses you.
You feel very mighty all of a sudden. Duvessa barely misses you.
You block the quokka's attack.
An orc comes into view. It is wielding a +0 mace.
The orc shouts!
Dowan hits you with a +0 dagger.
* * * LOW HITPOINT WARNING * * *
A jackal comes into view.
Duvessa hits you with a +0 rapier.
* * * LOW HITPOINT WARNING * * *
You miss Dowan.
Your shield and chain mail prevent you from hitting the quokka.
The jackal barks!
You slash Duvessa!
You hear a bark!
You block the quokka's attack. Dowan hits you but does no damage.
Duvessa completely misses you.
A jackal comes into view.
The quokka barely misses you. You block Dowan's attack.
An orc comes into view. It is wielding a +0 club.
You miss Dowan.
The orc shouts!
You hit the quokka. You closely miss Duvessa.
You hear a shout!
Duvessa hits you with a +0 rapier.
* * * LOW HITPOINT WARNING * * *
You block the quokka's attack. Dowan hits you but does no damage.
You block Duvessa's attack.
The quokka bites you but does no damage.
You barely miss Dowan. You hit Duvessa. You hit the quokka.
You kill the quokka!
Okawaru accepts your kill. Dowan hits you but does no damage.
Duvessa hits you with a +0 rapier.
You die...

############
...........###
#####........#########
#####.####...........#
...........#.####....###
#####.###..#####.......#.
# #.# #..>.....†....... #
#.# ##.#####@e.=..... #
#.# #.# #e....##.? # #.#
#.# .ho....# . # #.# #.#
.........# # #. #.#
...h......#
..#.#..o......#
###.##......... #
#.......##


You could see Duvessa, Dowan, 2 orcs and 2 jackals.

Vanquished Creatures
  A jelly (D:4)
  Natasha (D:3)
  4 adders
  A dart slug (D:3)
  7 ball pythons
  4 endoplasms
  5 giant cockroaches
  6 goblins
  4 hobgoblins
  4 jackals (D:2)
  A kobold (D:2)
  3 quokkas
  A ball python skeleton (D:2)
  5 bats
  3 frilled lizards
  2 rats
52 creatures vanquished.

Vanquished Creatures (others)
  Natasha (D:3)
1 creature vanquished.

Grand Total: 53 creatures vanquished

Notes
Turn   | Place    | Note
-------+----------+-------------------------------------------
     0 | D:1      | bande the Gargoyle Fighter began the quest for the Orb.
     0 | D:1      | Reached XP level 1. HP: 14/14 MP: 1/1
    36 | D:1      | Reached XP level 2. HP: 6/19 MP: 2/2
   737 | D:1      | Reached XP level 3. HP: 20/23 MP: 3/3
   945 | D:2      | Identified a scroll of acquirement
   945 | D:2      | Acquired 652 gold pieces
   954 | D:2      | Found an iron altar of Okawaru.
   964 | D:2      | Became a worshipper of Warmaster Okawaru
  1031 | D:2      | You fall into a shaft and drop 1 floor!
  1904 | D:2      | Reached XP level 4. HP: 28/28 MP: 4/4
  2602 | D:3      | Found a faded altar of an unknown god.
  2613 | D:3      | Noticed Natasha
  2623 | D:3      | Killed Natasha
  2944 | D:3      | Noticed Natasha
  2956 | D:3      | Killed Natasha
  2957 | D:3      | Reached skill level 1 in Invocations
  2957 | D:3      | Reached XP level 5. HP: 30/33 MP: 5/5
  3211 | D:4      | Noticed Duvessa
  3214 | D:4      | Noticed Dowan
  3221 | D:4      | Slain by Duvessa

Illustrated notes

Levels and vault maps discovered:
D:1:      tarquinn_simple_flora_water_b, layout_basic, minmay_shallow_snake_nest
D:2:      layout_basic, basic_altar, minmay_bisected
D:3:      layout_basic, ebering_ecumenical_altar_petrified, uniq_natasha
D:4:      layout_loops_ring, minmay_temple_entry_crystal_x,
          minmay_increasing_density, uniq_duvessa, uniq_edmund

Skill      XL: |  1  2  3  4  5 |
---------------+----------------+-----
Axes           | 2 3 |  3.2
Armour         | 4 |  4.2
Invocations    | 1 |  1.2
Shields        | 4 |  4.0
Fighting       | |  3.7
Dodging        | |  0.6
Evocations     | |  0.2

Action                   |  1- 3 |  4- 6 || total
-------------------------+-------+-------++-------
Melee: War axe           |   104 |    61 ||   165
  Use: Scroll            |     6 |       ||     6
       Potion            |       |     6 ||     6
Armor: Scale mail        |    63 |     6 ||    69
       Chain mail        |       |    37 ||    37
Dodge: Dodged            |    46 |    19 ||    65
Block: Kite shield       |    61 |    38 ||    99

Table legend: (Time is in decaauts)
 A = Elapsed time spent in this place.
 B = Non-inter-level travel time spent in this place.
 C = Inter-level travel time spent in this place.
 D = Time resting spent in this place.
 E = Time spent auto-exploring this place.
 F = Levels seen in this place.
 G = Mean time per level.
                   A        B        C        D        E       F      G
               +--------+--------+--------+--------+--------+-----+--------+
         Total |   3341 |   3235 |    106 |    663 |   1975 |   4 |  835.2 |
       Dungeon |   3341 |   3235 |    106 |    663 |   1975 |   4 |  835.2 |
               +--------+--------+--------+--------+--------+-----+--------+

Top non-repeatable levels by time:
     D:3: 1240 daAuts
     D:2: 1055 daAuts
     D:1: 971 daAuts
     D:4: 73 daAuts
